 Dungeon Crawl Stone Soup version 0.30-a0-469-g84de5afbc5 (webtiles) character file.

Game seed: 366006880994213955

5037 Colgate the Thaumaturge (level 10, -5/52 HPs)
             Began as a Deep Elf Conjurer on Dec 19, 2022.
             Was a Believer of Sif Muna.
             Slain by a two-headed ogre
             ... wielding a +0 giant spiked club
              (27 damage)
             ... on level 9 of the Dungeon.
             The game lasted 01:03:39 (15750 turns).

Colgate the Thaumaturge (Deep Elf Conjurer)        Turns: 15750, Time: 01:03:40

Health: -5/52      AC:  5    Str:  4    XL:     10   Next: 30%
Magic:  23/29      EV: 13    Int: 28    God:    Sif Muna [**....]
Gold:   216        SH:  0    Dex: 19    Spells: 24/35 levels left

rFire   + . .      SeeInvis .    a - +3 greatsling "Punk" {acid, rCorr}
rCold   + . .      Faith    .    (no shield)
rNeg    . . .      Spirit   .    e - +0 robe {rC+}
rPois   .          Reflect  .    d - +0 helmet
rElec   .          Harm     .    (no cloak)
rCorr   +          Rampage  .    g - +0 pair of gloves
Will    +....                    A - +0 pair of boots
Stlth   ++........               (no amulet)
HPRegen 0.28/turn                c - +6 ring of dexterity
MPRegen 0.21/turn                z - ring of protection from fire

@: no status effects
A: no striking features
a: Renounce Religion, Channel Magic


You were on level 9 of the Dungeon.
You worshipped Sif Muna.
Sif Muna was pleased with you.
You visited 2 branches of the dungeon, and saw 10 of its levels.
You also visited: Sewer.

You collected 529 gold pieces.
You spent 313 gold pieces at shops.

Inventory:

Hand Weapons
 a - the +3 greatsling "Punk" (weapon) {acid, rCorr}
   (You bought it in a shop on level 7 of the Dungeon)

   Any ammunition fired from it is coated in acid, damaging and corroding those
   it strikes.
   rCorr:     It protects you from acid and corrosion.
 b - the +10 hand axe of Imioj {freeze, Int+3 SInv}
   (You found it on level 8 of the Dungeon)

   It freezes those it strikes, dealing additional cold damage.
   It can also slow down cold-blooded creatures.
   Int:       It affects your intelligence (+3).
   SInv:      It lets you see invisible.
 C - a +0 longbow
Armour
 d - a +0 helmet (worn)
 e - a +0 robe of cold resistance (worn)
 g - a +0 pair of gloves (worn)
 m - a +1 hat
 A - a +0 pair of boots (worn)
 E - a +2 ring mail of fire resistance
Jewellery
 c - a +6 ring of dexterity (left hand)
 v - a ring of resist corrosion
 w - a ring of positive energy
 z - a ring of protection from fire (right hand)
Wands
 s - a wand of paralysis (24)
Scrolls
 i - 2 scrolls of teleportation {@r3}
 j - 4 scrolls of vulnerability
 k - 3 scrolls of amnesia
 r - 3 scrolls of fear
 y - a scroll of fog {unknown}
 D - a scroll of acquirement {unknown}
 F - a scroll of magic mapping {@r5}
Potions
 f - a potion of cancellation
 h - 4 potions of curing {@q1}
 l - 2 potions of flight
 n - 3 potions of mutation
 o - 5 potions of lignification
 p - 2 potions of might {@q3}
 q - 2 potions of ambrosia
 t - a potion of haste {@q4}
 u - a potion of attraction
 x - a potion of magic
 B - a potion of brilliance {unknown}


   Skills:
 - Level 1.5 Fighting
 + Level 7.6 Ranged Weapons
 - Level 2.4 Dodging
 - Level 2.4 Stealth
 - Level 13.1 Spellcasting
 - Level 8.0 Conjurations
 - Level 6.0 Hexes
 - Level 4.0 Translocations
 - Level 4.7 Invocations


You had 24 spell levels left.
You knew the following spells:

 Your Spells              Type           Power      Damage    Failure   Level
a - Magic Dart            Conj           100%       1d8       1%          1
b - Searing Ray           Conj           100%       2d8       1%          2
c - Fulminant Prism       Conj/Hex       27%        3d14      1%          4
d - Iskenderun's Mystic   Conj/Tloc      51%        2d11      2%          4

Your spell library contained the following spells:

 Spells                   Type           Power      Damage    Failure   Level
 Dazzling Flash           Conj/Hex       100%       N/A       1%          3
 Inner Flame              Hex/Fire       35%        N/A       2%          3
 Flame Wave               Conj/Fire      40%        2d11      5%          4
 Sticky Flame             Conj/Fire      40%        2d6       5%          4
 Leda's Liquefaction      Hex/Erth       17%        N/A       9%          4
 Lee's Rapid Deconstruct  Erth           9%         3d7*      63%         5
 Statue Form              Tmut/Erth      12%        N/A       99%         6


Dungeon Overview and Level Annotations

Branches:
Dungeon (9/15)             Temple (1/1) D:6           Sewer (visited)
   Lair: D:8-11         Orc: D:9-12

Altars:
Ashenzari
Cheibriados
Dithmenos
Elyvilon
Fedhas
Gozag
Hepliaklqana
Kikubaaqudgha
Makhleb
Okawaru
Qazlal
Ru
Sif Muna
Trog
Uskayaw
Vehumet
Xom
Yredelemnul
The Shining One

Shops:
D:1 =:   D:7 (


Message History

An orc warrior comes into view. It is wielding a +0 dire flail.
An orc comes into view. It is wielding a +0 club.
Casting: Iskenderun's Mystic Blast (dangerous; 2% risk of failure)
Aiming: Fulminant Prism (dangerous; 1% risk of failure)
You can't see that place. [the floor.]
Okay, then.
A two-headed ogre comes into view.
It is wielding a +0 giant spiked club and a +0 giant club.
Casting: Fulminant Prism (dangerous; 1% risk of failure)
Aiming: Fulminant Prism (dangerous; 1% risk of failure)
You conjure a prism of explosive energy!
The orc warrior shouts!
A fulminant prism comes into view.
A yak comes into view.
You hear a loud crackle.
You hear an explosion!
The blast of energy engulfs the orc warrior!!
You kill the orc warrior!
Sif Muna accepts your kill.
The blast of energy engulfs the orc!!
You kill the orc!
Sif Muna accepts your kill.
The blast of energy engulfs the two-headed ogre!!
You hear a bellow!
You hear a shout! x2
You shoot a sling bullet.
The sling bullet hits the two-headed ogre!
The two-headed ogre is splashed with acid.
You shoot a sling bullet.
The sling bullet barely misses the two-headed ogre.
You shoot a sling bullet.
The sling bullet hits the two-headed ogre.
The two-headed ogre is splashed with acid.
Casting: Fulminant Prism (dangerous; 1% risk of failure)
You erupt in a blast of force!
The mystic blast hits the two-headed ogre!
You hear a shout!
The two-headed ogre hits you with a +0 giant spiked club!!
Ouch! That really hurt!
The two-headed ogre hits you with a +0 giant club!!
Ouch! That really hurt!
You die...

....) #.. ....# #.# ....O*#.#
#..># #.# ....).#Y# #...# #.#
(..)....# #...# #.# ).....#.#
#...# #.# ......#O# #>.<# #.#
........# #...# #.#
........######...########.###
.........Y.O@........†.......
#############################


You could see a two-headed ogre and a yak.

Vanquished Creatures
  A troll (D:6)
  Grinder (D:4)
  Prince Ribbit (D:5)
  5 yaks (D:9)
  Duvessa (D:5)
  3 black bears
  2 orc warriors
  3 sky beasts (D:7)
  An ice beast (D:6)
  A centaur (D:5)
  2 ogres
  2 phantoms
  A bullfrog (D:6)
  Blork the orc (D:4)
  4 scorpions
  A necrophage (D:4)
  13 wights
  Dowan (D:5)
  5 killer bees (D:7)
  A howler monkey (D:5)
  A lava snake (D:7)
  An orc priest (D:4)
  A hound (D:4)
  A jelly (D:4)
  Ijyb (D:5)
  4 orc wizards
  Jessica (D:3)
  8 iguanas
  12 gnolls
  15 adders
  4 river rats
  2 white imps
  4 ufetubi
  6 worms
  4 dart slugs
  20 orcs
  8 ball pythons
  12 endoplasms
  11 giant cockroaches
  6 goblins
  7 hobgoblins
  7 jackals
  5 kobolds
  11 quokkas
  2 training dummies (D:7)
  10 bats
  4 frilled lizards
  7 rats
225 creatures vanquished.

Vanquished Creatures (others)
  128 fulminant prisms
128 creatures vanquished.

Grand Total: 353 creatures vanquished

Notes
Turn   | Place    | Note
-------+----------+-------------------------------------------
     0 | D:1      | Colgate the Deep Elf Conjurer began the quest for the Orb.
     0 | D:1      | Reached XP level 1. HP: 10/10 MP: 6/6
    28 | D:1      | Found Gitabupu's Vocational Training.
    86 | D:1      | Found Etwabif's One-of-a-Kind Rings.
   182 | D:1      | Reached XP level 2. HP: 15/15 MP: 4/8
   236 | D:1      | Reached skill level 5 in Conjurations
  1017 | D:1      | Found Gitabupu's Vocational Training.
  1035 | D:1      | Found Etwabif's One-of-a-Kind Rings.
  1400 | D:2      | Learned a level 2 spell: Searing Ray
  1401 | D:2      | Reached skill level 4 in Spellcasting
  1443 | D:2      | Reached XP level 3. HP: 19/19 MP: 5/10
  2015 | D:2      | Reached XP level 4. HP: 24/24 MP: 8/12
  2202 | D:2      | Learned a level 4 spell: Fulminant Prism
  2320 | D:2      | Reached skill level 1 in Hexes
  2651 | D:3      | Reached XP level 5. HP: 28/28 MP: 4/13
  2828 | D:3      | Found a glowing drain.
  2832 | Sewer    | Entered a sewer
  4144 | Sewer    | Reached skill level 5 in Hexes
  4226 | Sewer    | Reached XP level 6. HP: 26/32 MP: 9/14
  4665 | D:3      | Noticed Jessica
  4668 | D:3      | Killed Jessica
  5344 | D:3      | Found a shimmering blue altar of Sif Muna.
  5352 | D:3      | Became a worshipper of Sif Muna the Loreminder
  5564 | D:3      | Found a bloodstained altar of Trog.
  6138 | D:4      | Reached skill level 5 in Spellcasting
  6233 | D:4      | Reached XP level 7. HP: 36/36 MP: 6/17
  6628 | D:4      | Found an opulent altar of Gozag.
  6878 | D:4      | Noticed Grinder
  7448 | D:4      | Reached skill level 1 in Translocations
  7581 | D:4      | Found an iron altar of Okawaru.
  7585 | D:4      | Found a radiant altar of Vehumet.
  7589 | D:4      | Found a hazy altar of Hepliaklqana.
  7589 | D:4      | Found a basalt altar of Yredelemnul.
  7590 | D:4      | Found a burning altar of Makhleb.
  7620 | D:4      | Paralysed by Grinder for 2 turns
  7638 | D:4      | Killed Grinder
  7639 | D:4      | Reached XP level 8. HP: 32/41 MP: 0/18
  7718 | D:4      | Noticed Blork the orc
  7728 | D:4      | Killed Blork the orc
  7729 | D:4      | Reached skill level 6 in Spellcasting
  7963 | D:5      | Entered Level 5 of the Dungeon
  7970 | D:5      | Learned a level 4 spell: Iskenderun's Mystic Blast
  8070 | D:5      | Noticed Ijyb
  8081 | D:5      | Killed Ijyb
  8283 | D:5      | Noticed Duvessa
  8440 | D:5      | Noticed Dowan
  8490 | D:5      | Killed Dowan
  8491 | D:5      | Reached skill level 7 in Spellcasting
  8524 | D:5      | Killed Duvessa
  8795 | D:5      | Reached skill level 8 in Spellcasting
  9082 | D:5      | Reached * piety under Sif Muna
  9130 | D:5      | Reached skill level 9 in Spellcasting
  9336 | D:5      | Noticed Prince Ribbit
  9345 | D:5      | Killed Prince Ribbit
  9346 | D:5      | Reached skill level 10 in Spellcasting
  9953 | D:5      | Reached XP level 9. HP: 45/45 MP: 9/25
 10593 | D:6      | Reached skill level 11 in Spellcasting
 10764 | D:6      | Reached skill level 1 in Fighting
 10810 | D:6      | Noticed a troll
 10820 | D:6      | Killed a troll
 10884 | D:6      | Found a broken altar of Ashenzari.
 11000 | D:6      | Found a staircase to the Ecumenical Temple.
 11202 | Temple   | Entered the Ecumenical Temple
 11321 | D:6      | Reached skill level 12 in Spellcasting
 11574 | D:6      | Found a glowing golden altar of the Shining One.
 11958 | D:6      | Found a broken altar of Ashenzari.
 12055 | D:6      | Found a staircase to the Ecumenical Temple.
 12313 | D:6      | Found a glowing golden altar of the Shining One.
 12572 | D:7      | Reached skill level 13 in Spellcasting
 12652 | D:7      | Reached skill level 1 in Invocations
 14010 | D:7      | Found Oggufeidd's Weapon Boutique.
 14018 | D:7      | Bought the +3 greatsling "Punk" {acid, rCorr} for 313 gold
                  | pieces
 14018 | D:7      | Found the +3 greatsling "Punk" {acid, rCorr}
 14431 | D:7      | Reached skill level 1 in Ranged Weapons
 14826 | D:8      | Identified the +10 hand axe of Imioj {freeze, Int+3 SInv}
 14829 | D:8      | Found a stormy altar of Qazlal.
 14908 | D:8      | Reached XP level 10. HP: 52/52 MP: 25/29
 15665 | D:9      | Reached skill level 5 in Ranged Weapons
 15670 | D:9      | Reached ** piety under Sif Muna
 15738 | D:9      | Noticed a two-headed ogre
 15750 | D:9      | Slain by a two-headed ogre

Illustrated notes

Levels and vault maps discovered:
D:1:      scummos_arrival_forest, layout_basic, nicolae_shop_unique_rings,
          minmay_misc_feat_rows, nicolae_shop_vocational
D:2:      layout_loops_ring
D:3:      layout_loops_cross, nzn_overflow_gifts_of_might_and_magic,
          gup_sewer_entry_bowl, uniq_jessica
D:4:      layout_rooms, minitemple, grunt_gozag_breadcrumbs, uniq_grinder,
          uniq_blork_the_orc
D:5:      layout_basic, glass_columns_a, kennysheep_generic_room_7,
          uniq_prince_ribbit1, uniq_duvessa, uniq_ijyb
D:6:      layout_loops_cross, mainiacjoe_overflow_concentric_impassable,
          kennysheep_mini, minmay_temple_entry_waves, kennysheep_potato
D:7:      dreamdust_elfheim, layout_rooms, serial_shops, kennysheep_little_box,
          kennysheep_cross_room
D:8:      layout_loops_corners, nicolae_qazlal_scattered_showers
D:9:      layout_small_grid, nemelex_xobeh_ov_fountains_minmay, zin_statuary,
          david_orc_3, minivault_28
Temple:   hellmonk_temple_of_storms

Skill      XL: |  1  2  3  4  5  6  7  8  9 10 |
---------------+-------------------------------+-----
Conjurations   | 5 6 8 |  8.0
Spellcasting   | 4 5 10 13 | 13.1
Hexes          | 3 5 6 |  6.0
Translocations | 4 |  4.0
Fighting       | 1 |  1.5
Invocations    | 4 |  4.7
Ranged Weapons | 3 7 |  7.6
Dodging        | |  2.4
Stealth        | |  2.4

Action                   |  1- 3 |  4- 6 |  7- 9 | 10-12 || total
-------------------------+-------+-------+-------+-------++-------
Melee: Flail             |       |     1 |       |       ||     1
       Falchion          |       |       |     4 |       ||     4
 Fire: Greatsling        |       |       |     9 |    26 ||    35
 Cast: Magic Dart        |    50 |    57 |     5 |       ||   112
       Searing Ray       |    12 |    38 |    12 |       ||    62
       Fulminant Prism   |       |    19 |   107 |     3 ||   129
       Iskenderun's Myst |       |       |    11 |     5 ||    16
  Use: Scroll            |       |     9 |    12 |       ||    21
       Potion            |       |     3 |     1 |       ||     4
Armor: Robe              |     1 |     6 |     6 |       ||    13
Dodge: Dodged            |     2 |    13 |    23 |       ||    38

Table legend: (Time is in decaauts)
 A = Elapsed time spent in this place.
 B = Non-inter-level travel time spent in this place.
 C = Inter-level travel time spent in this place.
 D = Time resting spent in this place.
 E = Time spent auto-exploring this place.
 F = Levels seen in this place.
 G = Mean time per level.
                   A        B        C        D        E       F      G
               +--------+--------+--------+--------+--------+-----+--------+
         Total |  16052 |  15375 |    677 |   3602 |   9734 |  11 | 1459.3 |
       Dungeon |  13982 |  13312 |    670 |   3319 |   8465 |   9 | 1553.6 |
        Temple |     42 |     36 |      6 |      0 |     29 |   1 |   42.0 |
         Sewer |   2026 |   2026 |      0 |    283 |   1239 |   1 | 2026.0 |
               +--------+--------+--------+--------+--------+-----+--------+

Top non-repeatable levels by time:
     D:5: 2414 daAuts
     D:6: 2297 daAuts
     D:3: 2211 daAuts
   Sewer: 2026 daAuts
     D:7: 1661 daAuts
     D:4: 1630 daAuts
     D:1: 1386 daAuts
     D:2: 1184 daAuts
     D:8: 1080 daAuts
     D:9: 116 daAuts
  Temple: 42 daAuts
